Map: Eastwatch LE

Players

Alchemy

  • Race: Protoss Protoss
  • League: Gold
  • Spawn Location: 7:00

BenJAMMIN - Winner!

  • Race: Zerg Zerg
  • League: Gold
  • Spawn Location: 1:00

VOD

Have the link to the VOD?

Description

Time

  • Played on: March 7, 2018, 7:35 a.m.
  • Length: 13:18
Show
View Real Time Build Order
Export as new Build Order

Alchemy Protoss 

Build Orders: 1 Gate Expand 

Get SALT Encoding   

  12  0:01  Probe  
  13  0:13  Probe  
  14  0:17  Pylon  
  14  0:25  Probe  
  15  0:35  Gateway  
  15  0:40  Probe  
  16  0:44  Assimilator  
  16  0:53  Probe  
  17  1:06  Probe  
  18  1:18  Probe  
  19  1:28  Nexus  
  19  1:31  Probe  
  20  1:34  Pylon  
  20  1:43  Probe  
  21  2:00  Cybernetics Core  
  21  2:07  Probe  
  22  2:15  Assimilator  
  22  2:20  Probe  
  23  2:32  Probe  
  24  2:40  Probe  
  24  2:44  Probe, Adept (Chrono Boost)  
  28  2:50  Gateway  
  28  2:53  Probe  
  28  2:55  Warp Gate (Chrono Boost)  
  28  2:56  Probe  
  30  3:05  Probe  
  30  3:08  Adept (Chrono Boost)  
  31  3:38  Adept x2  
  35  3:42  Pylon  
  35  3:47  Probe x2  
  35  3:59  Probe x2  
  37  4:08  Gateway  
  37  4:14  Probe (Chrono Boost)  
  37  4:16  Probe (Chrono Boost)  
  40  4:26  Probe (Chrono Boost)  
  40  4:28  Probe (Chrono Boost)  
  41  4:31  Probe (Chrono Boost)  
  41  4:35  Probe  
  41  4:37  Twilight Council  
  43  4:48  Probe  
  41  5:11  Probe  
  41  5:12  Probe  
  39  5:16  Resonating Glaives (Chrono Boost)  
  39  5:19  Adept x3  
  45  5:24  Probe  
  46  5:28  Pylon  
  46  5:32  Pylon  
  46  5:37  Shield Battery  
  46  5:42  Pylon  
  46  5:46  Probe x2  
  46  5:48  Adept x3  
  54  5:54  Templar Archives  
  54  5:57  Dark Shrine  
  54  5:58  Probe x2  
  56  6:05  Forge  
  56  6:10  Probe  
  57  6:13  Stalker  
  57  6:15  Adept x2  
  61  6:35  Adept  
  61  6:36  Adept  
  61  6:37  Adept  
  67  6:42  Psionic Storm  
  67  6:50  Protoss Ground Weapons Level 1 (Chrono Boost)  
  67  7:16  Robotics Facility  
  65  7:22  Adept  
  65  7:23  Adept  
  69  7:35  Assimilator  
  69  7:38  Assimilator  
  69  7:59  Probe  
  69  8:02  Probe  
  69  8:08  Pylon  
  69  8:10  Pylon  
  69  8:11  Probe  
  70  8:26  Protoss Ground Armor Level 1 (Chrono Boost), Warp Prism  
  72  8:29  Pylon  
  72  8:32  Pylon  
  72  8:36  Charge (Chrono Boost)  
  72  8:43  High Templar  
  72  8:44  High Templar x2  
  78  9:16  High Templar  
  80  9:17  Adept x2  
  84  9:45  Adept x2  
  88  10:06  Dark Templar x3  
  92  10:21  Pylon  
  90  10:23  Pylon  
  90  10:25  Pylon  
  90  10:26  Pylon  
  90  10:27  Pylon  
  85  11:23  Archon  
  74  12:27  Nexus  
  71  12:41  Nexus  
  71  13:07  Nexus  
Show
View Real Time Build Order
Export as new Build Order

BenJAMMIN Zerg - Winner!

Build Orders: Pool First 

Get SALT Encoding   

  12  0:02  Drone  
  13  0:08  Drone  
  14  0:19  Extractor  
  13  0:31  Drone  
  14  0:38  Drone, Extractor  
  16  0:52  Spawning Pool  
  16  0:53  Overlord  
  15  1:12  Drone x2  
  15  1:14  Drone  
  18  1:27  Hatchery  
  18  1:31  Overlord  
  17  1:36  Drone  
  17  1:39  Extractor  
  17  1:42  Queen  
  17  1:45  Zergling x2  
  20  1:55  Zergling x2  
  21  2:06  Zergling x2  
  22  2:17  Drone  
  23  2:28  Zergling x2  
  24  2:39  Drone  
  25  2:45  Baneling Nest  
  24  3:15  Zergling x8  
  25  3:52  Zergling x6  
  25  3:53  Drone x2, Overlord  
  29  3:59  Pneumatized Carapace  
  29  4:02  Queen  
  31  4:08  Metabolic Boost  
  31  4:12  Drone, Extractor  
  31  4:21  Drone  
  32  4:25  Roach Warren  
  32  4:28  Evolution Chamber, Drone x3  
  33  4:33  Zergling x2  
  33  4:37  Queen  
  36  4:38  Drone x2  
  36  4:39  Drone  
  39  4:47  Drone  
  39  4:50  Drone, Extractor  
  39  4:51  Drone x2  
  36  5:19  Zergling x4, Roach  
  36  5:20  Roach  
  36  5:21  Zergling x2  
  43  5:26  Zerg Melee Weapons Level 1  
  43  5:31  Evolution Chamber  
  43  5:34  Lair  
  43  5:35  Drone  
  43  5:37  Overlord x3  
  43  5:55  Overlord x2  
  43  5:58  Drone x2  
  43  5:59  Drone  
  46  6:12  Extractor  
  46  6:13  Zerg Ground Armor Level 1  
  46  6:14  Hatchery  
  44  6:33  Overseer  
  44  6:34  Zergling x2  
  44  6:35  Roach x5  
  44  6:36  Roach  
  57  6:40  Glial Reconstitution  
  57  7:00  Drone x3  
  57  7:01  Drone x3  
  62  7:28  Zergling x2  
  62  7:29  Zergling x8  
  64  7:32  Baneling x2  
  64  7:41  Spore Crawler  
  63  7:46  Zerg Missile Weapons Level 1  
  63  7:57  Drone x6  
  68  8:07  Drone x3  
  71  8:17  Overseer x2  
  71  8:27  Nydus Network  
  71  8:28  Drone x3  
  71  8:29  Drone x3  
  71  8:33  Spine Crawler  
  75  8:38  Spore Crawler x2  
  73  8:42  Spore Crawler  
  73  8:45  Spine Crawler  
  73  8:47  Drone  
  73  8:48  Drone x2, Spine Crawler  
  74  8:50  Drone x4  
  77  9:10  Nydus Canal  
  81  9:24  Roach x4  
  81  9:25  Roach x2  
  89  9:35  Nydus Canal  
  89  9:47  Overlord  
  89  9:48  Overlord x2  
  89  9:50  Overlord  
  86  10:19  Spore Crawler  
  83  10:23  Spore Crawler  
  81  10:45  Nydus Canal  
  81  10:59  Roach x3  
  81  11:00  Roach x5  
  81  11:01  Roach x5  
  106  11:18  Extractor x2  
  103  12:06  Nydus Canal  
  104  12:58  Roach  
  104  12:59  Roach x5  
Tags
 
Add a new tag
Caveats
  • Supply blocks, unpowered buildings, or Contaminate may cause inaccurate times.
  • Supply counts are checked every 10 seconds.